 Dungeon Crawl Stone Soup version 0.24.0-123-gd5b16e6ec5 (webtiles) character file.

Game seed: 8477130238794778525, levelgen mode: deterministic

39567 glosham the Severer (level 13, -9/104 HPs)
             Began as a Mummy Abyssal Knight on Jan 7, 2020.
             Was the Champion of Lugonu.
             Mangled by Snorg (11 damage)
             ... on level 5 of the Lair of Beasts on Jan 9, 2020.
             The game lasted 04:05:30 (13345 turns).

glosham the Severer (Mummy Abyssal Knight)         Turns: 13345, Time: 04:05:30

Health: -9/104     AC: 27    Str: 19    XL:     13   Next: 69%
Magic:  23/23      EV:  7    Int: 12    God:    Lugonu [******]
Gold:   538        SH:  0    Dex: 21    Spells: 10/12 levels left

rFire    x . .     SeeInvis +   a - +2 battleaxe (freeze)
rCold    + . .     Gourm    .   (shield currently unavailable)
rNeg     + + +     Faith    .   X - +10 chain mail of Articulation {rElec}
rPois    ∞         Spirit   .   U - +2 helmet {SInv}
rElec    +         Reflect  .   Y - +2 cloak {+Inv}
rCorr    .         Harm     .   (no gloves)
MR       ++...     NoTele   +   W - +2 pair of boots
Stlth    ..........             z - amulet of regeneration
HPRegen  0.67/turn              A - +5 ring of dexterity
MPRegen  0.18/turn              B - ring of Activism {-Tele MR+ MP+9 Dex+4}

@: no status effects
A: no food or potions, fire vulnerability, cold resistance 1, negative energy
resistance 3, torment resistance, unbreathing, in touch with death 1
a: Depart the Abyss, Bend Space, Banish, Corrupt, Enter the Abyss, Renounce
Religion, Evoke Invisibility


You were on level 5 of the Lair of Beasts.
You worshipped Lugonu.
Lugonu was exalted by your worship.
You were not hungry.

You visited 3 branches of the dungeon, and saw 18 of its levels.
You visited the Abyss 1 time.
You also visited: Sewer, Ossuary and Ice Cave.

You collected 1905 gold pieces.
You spent 1367 gold pieces at shops.

Inventory:

Hand Weapons
 a - a +2 battleaxe of freezing (weapon)
 b - a +3 glaive of flaming
 c - the +4 hunting sling of Wounding {freeze, *Slow Int+5 Dex+3}
   (You bought it in a shop on level 7 of the Dungeon)

   It causes projectiles fired from it to freeze those they strike, causing
   extra injury to most foes and up to half again as much damage against
   particularly susceptible opponents.
   They can also slow down cold-blooded creatures.
   It affects your intelligence (+5).
   It affects your dexterity (+3).
   It may slow you when you take damage.
 d - a +4 hand axe of distortion
 e - a +0 halberd of distortion
 f - a +0 broad axe
 r - a +0 fustibalus
 u - the +7 rapier of Governance {freeze, +Blink}
   (You found it on level 1 of the Lair of Beasts)

   It has been specially enchanted to freeze those struck by it, causing extra
   injury to most foes and up to half again as much damage against particularly
   susceptible opponents.
   It can also slow down cold-blooded creatures.
   It lets you blink.
 x - a +2 halberd of freezing
 y - a +0 battleaxe
 D - a +1 whip of electrocution
 I - a +0 executioner's axe of venom
 K - a +3 war axe of chopping
Missiles
 g - 97 sling bullets
 i - 181 bolts
 j - 393 arrows
 v - 2 datura-tipped darts (quivered)
 J - 6 curare-tipped darts
Armour
 R - a +0 troll leather armour
 U - a +2 helmet of see invisible (worn)
 W - a +2 pair of boots (worn)
 X - the +10 chain mail of Articulation (worn) {rElec}
   (You bought it in a shop on level 7 of the Dungeon)

   It insulates you from electricity.
 Y - a +2 cloak of invisibility (worn)
Magical Staves
 w - an uncursed staff of wizardry {!a}
 E - an uncursed staff of air
Jewellery
 z - an amulet of regeneration (around neck)
 A - a +5 ring of dexterity (left hand)
 B - the ring of Activism (right hand) {-Tele MR+ MP+9 Dex+4}
   (You bought it in a shop on level 9 of the Dungeon)

   [ring of magical power]

   It affects your dexterity (+4).
   It affects your resistance to hostile enchantments.
   It affects your magic capacity (+9).
   It prevents most forms of teleportation.
 C - an uncursed ring of ice
 H - an uncursed ring of ice
 S - an uncursed ring of resist corrosion
Wands
 h - a wand of disintegration (17)
 t - a wand of polymorph (10)
 N - a wand of enslavement (7)
Scrolls
 k - 5 scrolls of teleportation
 l - 4 scrolls of blinking
 m - 7 scrolls of fog
 n - 3 scrolls of fear
 o - 9 scrolls of remove curse
 p - 3 scrolls of identify
 q - a scroll of vulnerability
 F - a scroll of silence {!r}
 G - a scroll of magic mapping
 L - a scroll of summoning
 M - a scroll of enchant weapon


   Skills:
 - Level 10.4 Fighting
 * Level 17.3 Axes
 - Level 1.5 Armour
 - Level 0.7 Dodging
 - Level 1.5 Invocations


You had 10 spell levels left.
You knew the following spells:

 Your Spells              Type           Power        Failure   Level  Hunger
P - Passwall              Tmut/Erth      #.......     100%        2    N/A

Your spell library contained the following spells:

 Spells                   Type           Power        Failure   Level  Hunger
 Confusing Touch          Hex            #.....       99%         1    N/A
 Sandblast                Erth           #.....       99%         1    N/A
 Shock                    Conj/Air       #...         99%         1    N/A
 Ensorcelled Hibernation  Hex/Ice        #.....       100%        2    N/A
 Swiftness                Chrm/Air       #.......     100%        2    N/A
 Confuse                  Hex            #.......     100%        3    N/A
 Gell's Gravitas          Tloc           #.........   100%        3    N/A
 Static Discharge         Conj/Air       #.......     100%        3    N/A
 Stone Arrow              Conj/Erth      #.....       100%        3    N/A
 Airstrike                Air            #.........   100%        4    N/A
 Petrify                  Tmut/Erth      #.......     100%        4    N/A
 Summon Ice Beast         Ice/Summ       #.......     100%        4    N/A
 Lee's Rapid Deconstruct  Erth           #.........   100%        5    N/A
 Lightning Bolt           Conj/Air       #.........   100%        5    N/A
 Metabolic Englaciation   Hex/Ice        #.........   100%        5    N/A
 Yara's Violent Unravell  Hex/Tmut       #.........   100%        5    N/A
 Iron Shot                Conj/Erth      #.........   100%        6    N/A
 Regeneration             Chrm/Necr      Unusable     N/A         3    N/A

Dungeon Overview and Level Annotations

Branches:
Dungeon (12/15)            Temple (0/1) D:4            Lair (5/6) D:11
  Swamp (0/4) Lair:2       Spider (0/4) Lair:2        Slime (0/5) Lair:5
    Orc (1/2) D:12          Sewer (visited)         Ossuary (visited)
  IceCv (visited)

Altars:
Ashenzari
Cheibriados
Dithmenos
Fedhas
Hepliaklqana
Makhleb
Nemelex Xobeh
Qazlal
Sif Muna
Vehumet
Xom
Yredelemnul

Shops:
D:7 ([![   D:8 :   D:9 }*=?!

Annotations:
D:12 exclusion: obsidian statue
Lair:5 Snorg


Innate Abilities, Weirdness & Mutations

You do not eat or drink.
Your flesh is vulnerable to fire.
You are immune to poison.
Your flesh is cold resistant. (rC+)
You are immune to negative energy. (rN+++)
You are immune to unholy pain and torment.
You can survive without breathing.
You are in touch with the powers of death.


Message History

Snorg bites you!! Snorg claws you but does no damage. x2
Okay, then.
Evoke which item? (* to show all) (? for menu, Esc to quit)
Aiming: Scattershot
Press: ? - help, Shift-Dir - straight line, f - Snorg
Aim: Snorg (moderately wounded, berserk, fast, unusually strong)
The burst of metal fragments hits Snorg! x2
Snorg is heavily wounded.
Snorg bites you. Snorg claws you but does no damage. x2
Evoke which item? (* to show all) (? for menu, Esc to quit)
Aiming: Scattershot
Press: ? - help, Shift-Dir - straight line, f/p - Snorg
Aim: Snorg (heavily wounded, berserk, fast, unusually strong)
The burst of metal fragments hits Snorg! x3
Snorg is severely wounded.
Snorg bites you. Snorg claws you. Snorg closely misses you.
Snorg bites you but does no damage. Snorg barely misses you. Snorg claws you!
* * * LOW HITPOINT WARNING * * *
Evoke which item? (* to show all) (? for menu, Esc to quit)
Aiming: Scattershot
Press: ? - help, Shift-Dir - straight line, f/p - Snorg
Aim: Snorg (severely wounded, berserk, fast, unusually strong)
The burst of metal fragments hits Snorg! x3
Snorg is almost dead.
The now-empty wand crumbles to dust.
Snorg bites you but does no damage. Snorg claws you but does no damage. x2
Evoke which item? (* to show all) (? for menu, Esc to quit)
Okay, then.
You closely miss Snorg.
Snorg is almost dead.
Snorg bites you.
* * * LOW HITPOINT WARNING * * *
Snorg claws you but does no damage. Snorg claws you.
* * * LOW HITPOINT WARNING * * *
You slash Snorg! You freeze Snorg.
Snorg is almost dead.
Snorg bites you!!
* * * LOW HITPOINT WARNING * * *
Snorg claws you!
You die...

..##..................#..
.##.........P............
..$.##....<.#...........
...#.#..#.#....##.......
...P.#...#.........>....
.................##..###
.#............#..###..#.
.........#.P..##.# #.#.#
.%.....@......#.#. ####.
####..T....##### ## .
#...#P#### #...### ##..
.. .. ...


You could see Snorg (berserk).

Vanquished Creatures
  A white draconian (IceCv)
  Fannar (Lair:3)
  2 hydras
  4 two-headed ogres
  Erica (D:11)
  2 wizards (D:11)
  An orc knight (D:12)
  Pikel (D:6)
  A lindwurm (Lair:3)
  The ghost of Sobieck the Cruncher, a novice CeGl (D:5)
  2 ugly things
  An orc sorcerer (Orc:1)
  2 oklob plants (Lair:3)
  2 ice statues (IceCv)
  2 black mambas (Lair:5)
  Maurice (D:10)
  4 spiny frogs
  5 komodo dragons
  A jumping spider (Lair:2)
  15 polar bears
  5 trolls
  7 blink frogs
  5 hippogriffs
  A shadow (D:11)
  A vampire (D:10)
  A wraith (D:12)
  2 redbacks (Lair:2)
  37 yaks
  3 wyverns
  A steam dragon (D:7)
  3 wargs (D:12)
  5 water moccasins
  3 porcupines
  An ice beast (D:9)
  9 orc warriors
  2 sky beasts
  A black bear (D:11)
  A phantom (D:5)
  10 ogres
  45 wolves
  4 centaurs
  5 crocodiles
  4 big kobolds
  9 bullfrogs
  A gnoll sergeant (D:9)
  Blork the orc (D:6)
  3 elf zombies (Ossuary)
  A wyvern skeleton (D:12)
  A water moccasin skeleton (D:9)
  A scorpion (D:12)
  3 wights (D:4)
  2 vampire bats (Lair:1)
  4 howler monkeys
  3 electric eels
  4 crimson imps
  A centaur zombie (Ossuary)
  4 hounds
  12 jellies
  3 human zombies (Ossuary)
  10 orc priests
  Crazy Yiuf (D:7)
  2 bullfrog skeletons
  5 iguanas
  4 hell rats (Lair:5)
  6 worker ants
  10 orc wizards
  A hound skeleton (D:5)
  2 mummies (Ossuary)
  15 gnolls
  10 adders
  A shadow imp (D:5)
  12 white imps (Lair:2)
  4 oozes
  2 adder zombies (Ossuary)
  2 adder skeletons
  4 worms
  3 dart slugs
  5 leopard geckos
  47 orcs
  A ball python (D:2)
  5 giant cockroaches
  6 goblins
  4 hobgoblins
  9 jackals
  27 kobolds
  5 quokkas
  11 bats
  4 frilled lizards
  2 goblin zombies (Ossuary)
  9 hobgoblin zombies (Ossuary)
  9 kobold zombies (Ossuary)
  7 orc zombies (Ossuary)
  A quokka skeleton (D:8)
  7 rats
  2 fungi
  3 plants
517 creatures vanquished.

Vanquished Creatures (others)
  A slave (D:6)
  A bush (Lair:2)
  6 fungi
  A plant (Lair:2)
9 creatures vanquished.

Grand Total: 526 creatures vanquished

Notes
Turn   | Place    | Note
-------+----------+-------------------------------------------
     0 | Abyss:1  | glosham the Mummy Abyssal Knight began the quest for the
                  | Orb.
     0 | Abyss:1  | Reached XP level 1. HP: 18/18 MP: 2/2
    23 | Abyss:1  | Noticed a large abomination
    23 | Abyss:1  | Noticed a small abomination
    55 | Abyss:2  | Noticed a raiju
    57 | Abyss:2  | Noticed a chaos spawn
    58 | Abyss:2  | Noticed a wretched star
    59 | D:1      | Escaped the Abyss
   140 | D:1      | Reached skill level 2 in Axes
   156 | D:1      | Reached XP level 2. HP: 15/24 MP: 3/3
   602 | D:1      | Reached * piety under Lugonu
   844 | D:2      | Reached XP level 3. HP: 26/29 MP: 4/4
   856 | D:2      | Reached skill level 3 in Axes
  1125 | D:2      | Found a stormy altar of Qazlal.
  1125 | D:2      | Noticed an earth elemental
  1141 | D:2      | Noticed an air elemental
  1141 | D:2      | Noticed a fire elemental
  1141 | D:2      | Noticed a water elemental
  1190 | D:2      | Reached XP level 4. HP: 15/35 MP: 5/5
  1203 | D:2      | Reached skill level 4 in Axes
  1257 | D:2      | Reached ** piety under Lugonu
  1285 | D:2      | Reached XP level 5. HP: 12/41 MP: 6/6
  1726 | D:3      | Found a glowing drain.
  1756 | Sewer    | Entered a sewer
  1815 | Sewer    | Noticed a crocodile
  1854 | Sewer    | Killed a crocodile
  1854 | Sewer    | Reached skill level 5 in Axes
  2072 | D:3      | Found a burning altar of Makhleb.
  2126 | D:4      | Reached XP level 6. HP: 47/47 MP: 7/7
  2274 | D:4      | Reached skill level 6 in Axes
  2319 | D:4      | Found a sand-covered staircase.
  2328 | Ossuary  | Entered an ossuary
  2452 | Ossuary  | Reached *** piety under Lugonu
  2527 | Ossuary  | Reached XP level 7. HP: 30/52 MP: 8/8
  2612 | Ossuary  | Reached skill level 7 in Axes
  2697 | D:4      | Found a staircase to the Ecumenical Temple.
  2917 | D:5      | Entered Level 5 of the Dungeon
  3137 | D:5      | Reached skill level 8 in Axes
  3137 | D:5      | Reached XP level 8. HP: 37/58 MP: 9/9
  3455 | D:5      | Found a radiant altar of Vehumet.
  3538 | D:5      | Found a large runed translucent door.
  3538 | D:5      | Found a large runed translucent door.
  3542 | D:5      | Noticed Sobieck's ghost (novice CeGl)
  3565 | D:5      | Killed Sobieck's ghost
  3565 | D:5      | Reached skill level 9 in Axes
  3637 | D:5      | Reached **** piety under Lugonu
  3818 | D:6      | Reached skill level 10 in Axes
  3818 | D:6      | Reached XP level 9. HP: 38/63 MP: 10/10
  4020 | D:6      | Noticed Pikel
  4026 | D:6      | Killed Pikel
  4097 | D:6      | Found a shattered altar of Ashenzari.
  4207 | D:6      | Noticed Blork the orc
  4217 | D:6      | Killed Blork the orc
  4421 | D:7      | Found Ezxe's Armour Boutique.
  4562 | D:7      | Reached skill level 11 in Axes
  4713 | D:7      | Found a hazy altar of Hepliaklqana.
  4715 | D:7      | Found Vufockytt's Antique Armour Boutique.
  4778 | D:7      | Found Fodwuc's Antique Weapon Shoppe.
  4937 | D:7      | Found Janew's Distillery.
  5056 | D:7      | Found a runed translucent door.
  5057 | D:7      | Noticed Crazy Yiuf
  5061 | D:7      | Killed Crazy Yiuf
  5239 | D:7      | Bought a glowing war axe for 208 gold pieces
  5261 | D:7      | Bought a crude chain mail for 190 gold pieces
  5261 | D:7      | Identified the +10 chain mail of Articulation {rElec} (You
                  | bought it in a shop on level 7 of the Dungeon)
  5405 | D:8      | Found Fiogi's Book Emporium.
  5557 | D:8      | Found a sparkling altar of Nemelex Xobeh.
  5605 | D:8      | Noticed a two-headed ogre
  5617 | D:8      | Killed a two-headed ogre
  5617 | D:8      | Reached skill level 12 in Axes
  5617 | D:8      | Reached XP level 10. HP: 48/70 MP: 11/11
  5627 | D:8      | Found a blossoming altar of Fedhas.
  5629 | D:8      | Found a sparkling altar of Nemelex Xobeh.
  5629 | D:8      | Found a hide-covered altar of Uskayaw.
  5631 | D:8      | Found a burning altar of Makhleb.
  5631 | D:8      | Found a shimmering altar of Xom.
  5631 | D:8      | Found a glowing golden altar of the Shining One.
  5710 | D:8      | Identified the +1 robe of Love and Death {rCorr Int+8
                  | Dex-5} (You found it on level 8 of the Dungeon)
  5872 | D:8      | Found a shadowy altar of Dithmenos.
  6003 | D:9      | Found Siatwagi's Distillery.
  6033 | D:9      | Found Bocel's Jewellery Emporium.
  6075 | D:9      | Found a blossoming altar of Fedhas.
  6109 | D:9      | Reached ***** piety under Lugonu
  6193 | D:9      | Identified the +0 ring mail "Haischeh" {rPois Slay+3} (You
                  | found it on level 9 of the Dungeon)
  6286 | D:9      | Found Zickugg's Gadget Shoppe.
  6344 | D:9      | Found Sezoun's General Store.
  6489 | D:9      | Found a shimmering blue altar of Sif Muna.
  6489 | D:9      | Found a snail-covered altar of Cheibriados.
  6490 | D:9      | Found a basalt altar of Yredelemnul.
  6524 | D:9      | Found Ostiylin's Magic Scroll Boutique.
  6583 | D:9      | Identified the +8 falchion of the Stork {venom, Dex+3} (You
                  | found it on level 9 of the Dungeon)
  6717 | D:10     | Entered Level 10 of the Dungeon
  6788 | D:9      | Bought a +2 helmet of see invisible for 301 gold pieces
  6904 | D:10     | Reached skill level 13 in Axes
  7222 | D:10     | Noticed Maurice
  7241 | D:10     | Killed Maurice
  7338 | D:10     | Noticed a two-headed ogre
  7353 | D:10     | Killed a two-headed ogre
  7514 | D:11     | Found a staircase to the Lair.
  7515 | D:11     | Noticed Erica
  7531 | D:11     | Killed Erica
  7531 | D:11     | Reached XP level 11. HP: 73/75 MP: 12/12
  7711 | D:11     | Noticed a wizard
  7715 | D:11     | Noticed a wizard
  7721 | D:11     | Killed a wizard
  7721 | D:11     | Reached skill level 14 in Axes
  7722 | D:11     | Noticed a wizard
  7727 | D:11     | HP: 4/75 [wizard/crystal spear (36)]
  7775 | D:11     | HP: 2/75 [troll (10)]
  8046 | D:11     | Noticed a red ugly thing
  8055 | D:11     | Killed a red ugly thing
  8095 | D:11     | Noticed a wizard
  8105 | D:11     | Killed a wizard
  8120 | D:11     | Identified the Incunabulum of Sand
  8133 | D:11     | Identified the Incunabulum of Dhcmrlchtdj
  8148 | D:11     | Identified Yschot's Volume of Plaster Cramp
  8154 | D:11     | Learned a level 2 spell: Passwall
  8452 | D:12     | Noticed a white ugly thing
  8468 | D:12     | Killed a white ugly thing
  8482 | D:12     | Noticed a two-headed ogre
  8493 | D:12     | Killed a two-headed ogre
  8493 | D:12     | Reached skill level 15 in Axes
  8641 | D:12     | Reached ****** piety under Lugonu
  8678 | D:12     | Found a staircase to the Orcish Mines.
  8882 | D:12     | Noticed an obsidian statue
  8883 | D:12     | Noticed a six-headed hydra
  8886 | D:12     | Noticed a soul eater
  8896 | D:12     | Noticed a soul eater
  9134 | Orc:1    | Entered Level 1 of the Orcish Mines
  9134 | Orc:1    | Noticed an orc knight
  9157 | D:12     | Killed an orc knight
  9190 | D:12     | Killed an eight-headed hydra
  9190 | D:12     | Reached XP level 12. HP: 38/81 MP: 13/13
  9437 | Orc:1    | Noticed a two-headed ogre
  9445 | Orc:1    | Killed a two-headed ogre
  9617 | Orc:1    | Reached skill level 16 in Axes
  9768 | D:9      | Bought the ring of Activism {-Tele MR+ MP+9 Dex+4} for 460
                  | gold pieces
  9822 | D:7      | Bought a steaming hunting sling for 208 gold pieces
  9822 | D:7      | Identified the +4 hunting sling of Wounding {freeze, *Slow
                  | Int+5 Dex+3} (You bought it in a shop on level 7 of the
                  | Dungeon)
  9893 | D:11     | Identified a +4 hand axe of distortion (a +2 hand axe
                  | corrupted by Lugonu)
  9893 | D:11     | Received a gift from Lugonu
  9909 | Lair:1   | Entered Level 1 of the Lair of Beasts
  9944 | Lair:1   | Reached skill level 4 in Fighting
 10092 | Lair:1   | Reached skill level 5 in Fighting
 10151 | Lair:1   | Reached skill level 6 in Fighting
 10373 | Lair:1   | Reached skill level 7 in Fighting
 10500 | Lair:1   | Identified the +7 rapier of Governance {freeze, +Blink}
                  | (You found it on level 1 of the Lair of Beasts)
 10742 | Lair:2   | Noticed a five-headed hydra
 10765 | Lair:2   | Killed a five-headed hydra
 10765 | Lair:2   | Reached skill level 8 in Fighting
 10807 | Lair:2   | Found a frozen archway.
 10848 | IceCv    | Entered an ice cave
 10864 | IceCv    | Reached skill level 9 in Fighting
 11051 | IceCv    | Reached skill level 10 in Fighting
 11164 | IceCv    | Gained mutation: You are in touch with the powers of death.
                  | [Mummy growth]
 11164 | IceCv    | Reached XP level 13. HP: 38/103 MP: 14/14
 11388 | IceCv    | Noticed a white draconian
 11433 | IceCv    | Killed a white draconian
 11849 | Lair:2   | Found a staircase to the Swamp.
 11961 | Lair:2   | Found a hole to the Spider Nest.
 12062 | Lair:3   | Noticed Fannar
 12081 | Lair:3   | Killed Fannar
 12431 | Lair:3   | Identified a scroll of acquirement
 12788 | Lair:4   | Reached skill level 17 in Axes
 13219 | Lair:5   | Found a staircase to the Slime Pits.
 13332 | Lair:5   | Noticed Snorg
 13345 | Lair:5   | HP: 2/104 [Snorg (18)]
 13345 | Lair:5   | Mangled by Snorg

Levels and vault maps discovered:
D:1:      minmay_arrival_doors, layout_basic
D:2:      layout_rooms, nicolae_qazlal_style_of_elements
D:3:      layout_basic, lemuel_round_altar, cheibrodos_sewer_entry_bend
D:4:      layout_basic, lemuel_temple_firewalk_b, first_ration, enter_ossuary_1
D:5:      layout_loops_corners, nicolae_overflow_hidden_temple,
          ebering_ghost_disaster_area, eino_tiny_chamber
D:6:      layout_basic, ashenzari_altar_1, hex_medium, uniq_pikel,
          uniq_blork_the_orc
D:7:      kennysheep_steamy, layout_cave_pods, lemuel_round_altar, serial_shops,
          shop_statue, shop, shop, shop_fountains, grunt_ogre_cave,
          uniq_crazy_yiuf_cottage
D:8:      layout_loops_ring, doesnt_xom_only_xom,
          nemelex_xobeh_ov_fountains_minmay, kennysheep_mini, serial_shops, shop
D:9:      layout_roguey, gammafunk_temple_overflow_claw, fedhas_ov_isle_minmay,
          serial_shops, shop, nicolae_shop_behind_doors, shop_fountains, shop,
          shop_statue
D:10:     layout_gridville, uniq_maurice
D:11:     layout_irregular_city, lair_entry_dummy, bh_hangedman_babel_library,
          uniq_erica
D:12:     layout_basic, david_orc_3, minivault_16
Lair:1:   layout_roguey, roderic_batcave, grunt_forest_large_clearings,
          lemuel_fruit_fields
Lair:2:   layout_chaotic_city, minmay_swamp_entry_eels,
          spider_nest_entry_funnel_web, portal_ice_cave_entry_imps
Lair:3:   layout_chaotic_city, chequers_serial_rivers_small_b,
          grunt_megastairs_5, serial_bayou_shore_b, infiniplex_staircase_pool_2,
          minmay_lair_oklob_chamber, uniq_fannar
Lair:4:   layout_cave_shapes, hangedman_lair_unloving_vines,
          serial_bayou_shore_a, lemuel_fruit_fields, lemuel_fruit_fields
Lair:5:   layout_cave_shapes, minmay_slime_entry_jelly_boxes, st_stairs_10,
          minivault_26, bh_autumn_forest_stairs,
          grunt_forest_large_clearing_hut, lemuel_fruit_fields, uniq_snorg
Orc:1:    layout_diamond_mine

Skill      XL: |  1  2  3  4  5  6  7  8  9 10 11 12 13 |
---------------+----------------------------------------+-----
Axes           | 2 3 4 5 6 8 10 12 13 15 16 17 | 17.3
Fighting       | 10 | 10.4
Armour         | |  1.5
Dodging        | |  0.7
Invocations    | |  1.5

Action                   |  1- 3 |  4- 6 |  7- 9 | 10-12 | 13-15 || total
-------------------------+-------+-------+-------+-------+-------++-------
Melee: Hand axe          |    71 |    54 |    15 |       |       ||   140
       Glaive            |    64 |       |       |       |       ||    64
       War axe           |       |    50 |    42 |  1068 |    78 ||  1238
       Whip              |       |   111 |   288 |       |       ||   399
       Halberd           |       |       |       |     5 |       ||     5
       Battleaxe         |       |       |       |       |   266 ||   266
 Fire: Hunting sling     |       |       |       |       |    20 ||    20
Throw: Dart              |     1 |    21 |     3 |       |       ||    25
       Javelin           |       |     5 |    23 |     6 |       ||    34
       Throwing net      |       |       |     1 |       |       ||     1
Invok: Depart the Abyss  |     1 |       |       |       |       ||     1
       Brand Weapon With |       |       |       |     1 |       ||     1
       Bend Space        |       |       |       |       |     4 ||     4
Evoke: Wand              |       |     3 |     9 |    30 |     4 ||    46
  Use: Scroll            |     6 |     6 |     4 |    13 |     5 ||    34
 Stab: Held in net/web   |       |       |     1 |       |       ||     1
       Paralysed         |       |       |       |     4 |       ||     4
Armor: Chain mail        |   110 |    73 |    86 |   592 |   256 ||  1117
       Plate armour      |       |       |    58 |       |       ||    58
       Troll leather arm |       |       |       |       |     3 ||     3
Dodge: Dodged            |    39 |    45 |    62 |   270 |   105 ||   521

Table legend:
 A = Turns spent in this place as a percentage of turns spent in the entire game.
 B = Non-inter-level travel turns spent in this place as a percentage of non-inter-level travel turns spent in the entire game.
 C = Inter-level travel turns spent in this place as a percentage of turns spent in this place.
 D = Turns resting spent in this place as a percentage of non-inter-level travel turns spent in this place.
 E = Turns spent auto-exploring this place as a percentage of non-inter-level travel turns spent in this place.
 F = Non-inter-level travel turns spent in this place divided by the number of levels of this place that you've seen.
                   A       B       C       D       E      F
               +-------+-------+-------+-------+-------+----------------------
         Total | 100.0 | 100.0 |   9.5 |   0.8 |   0.2 | 525.0
       Dungeon |  66.1 |  63.5 |  13.2 |   0.7 |   0.4 | 638.7
          Lair |  19.9 |  21.5 |   2.7 |   0.2 |   0.0 | 518.0
  Orcish Mines |   3.8 |   3.9 |   7.2 |   2.1 |   0.0 | 476.0
         Abyss |   0.4 |   0.5 |   0.0 |   0.0 |   0.0 |  29.5
         Sewer |   1.2 |   1.4 |   0.0 |   0.0 |   0.0 | 166.0
       Ossuary |   2.6 |   2.8 |   0.0 |   0.0 |   0.0 | 344.0
      Ice Cave |   5.8 |   6.4 |   0.0 |   3.4 |   0.0 | 775.0
               +-------+-------+-------+-------+-------+----------------------

Table legend:
 A = Kills in this place as a percentage of kills in entire the game.
 B = Kills by you in this place as a percentage of kills by you in the entire game.
 C = Kills by friends in this place as a percentage of kills by friends in the entire game.
 D = Other kills in this place as a percentage of other kills in the entire game.
 E = Experience gained in this place as a percentage of experience gained in the entire game.
 F = Experience gained in this place divided by the number of levels of this place that you have seen.
                   A       B       C       D       E      F
               +-------+-------+-------+-------+-------+----------------------
         Total | 100.0 | 100.0 |   N/A |   N/A | 100.0 | 2457.6
       Dungeon |  52.9 |  52.9 |   N/A |   N/A |  37.8 | 1778.8
          Lair |  27.1 |  27.1 |   N/A |   N/A |  39.6 | 4473.4
  Orcish Mines |   4.3 |   4.3 |   N/A |   N/A |   4.9 | 2787.0
         Sewer |   1.2 |   1.2 |   N/A |   N/A |   0.2 | 119.0
       Ossuary |   7.4 |   7.4 |   N/A |   N/A |   0.9 | 529.0
      Ice Cave |   7.0 |   7.0 |   N/A |   N/A |  16.6 | 9377.0
               +-------+-------+-------+-------+-------+----------------------

Levels and vault maps discovered:
D:1:      minmay_arrival_doors, layout_basic
D:2:      layout_rooms, nicolae_qazlal_style_of_elements
D:3:      layout_basic, lemuel_round_altar, cheibrodos_sewer_entry_bend
D:4:      layout_basic, lemuel_temple_firewalk_b, first_ration, enter_ossuary_1
D:5:      layout_loops_corners, nicolae_overflow_hidden_temple,
          ebering_ghost_disaster_area, eino_tiny_chamber
D:6:      layout_basic, ashenzari_altar_1, hex_medium, uniq_pikel,
          uniq_blork_the_orc
D:7:      kennysheep_steamy, layout_cave_pods, lemuel_round_altar, serial_shops,
          shop_statue, shop, shop, shop_fountains, grunt_ogre_cave,
          uniq_crazy_yiuf_cottage
D:8:      layout_loops_ring, doesnt_xom_only_xom,
          nemelex_xobeh_ov_fountains_minmay, kennysheep_mini, serial_shops, shop
D:9:      layout_roguey, gammafunk_temple_overflow_claw, fedhas_ov_isle_minmay,
          serial_shops, shop, nicolae_shop_behind_doors, shop_fountains, shop,
          shop_statue
D:10:     layout_gridville, uniq_maurice
D:11:     layout_irregular_city, lair_entry_dummy, bh_hangedman_babel_library,
          uniq_erica
D:12:     layout_basic, david_orc_3, minivault_16
Lair:1:   layout_roguey, roderic_batcave, grunt_forest_large_clearings,
          lemuel_fruit_fields
Lair:2:   layout_chaotic_city, minmay_swamp_entry_eels,
          spider_nest_entry_funnel_web, portal_ice_cave_entry_imps
Lair:3:   layout_chaotic_city, chequers_serial_rivers_small_b,
          grunt_megastairs_5, serial_bayou_shore_b, infiniplex_staircase_pool_2,
          minmay_lair_oklob_chamber, uniq_fannar
Lair:4:   layout_cave_shapes, hangedman_lair_unloving_vines,
          serial_bayou_shore_a, lemuel_fruit_fields, lemuel_fruit_fields
Lair:5:   layout_cave_shapes, minmay_slime_entry_jelly_boxes, st_stairs_10,
          minivault_26, bh_autumn_forest_stairs,
          grunt_forest_large_clearing_hut, lemuel_fruit_fields, uniq_snorg
Orc:1:    layout_diamond_mine
